[Event "16th HSG Open-A 2022"]
[Site "Hilversum"]
[Date "2022.06.17"]
[Round "2.11"]
[White "Zhu, Chenwu"]
[Black "Lanchava, Tea"]
[Result "0-1"]
[ECO "B15"]
[WhiteElo "2018"]
[BlackElo "2232"]
[Annotator "TA"]
[PlyCount "134"]
[EventDate "2022.06.17"]
[EventCountry "NED"]
[SourceTitle "playchess.com"]
[Source "ChessBase"]
[SourceQuality "1"]
[TimeControl "6600+10"]

1. e4 c6 2. d4 g6 3. Nc3 Bg7 4. f4 d5 5. e5 Nh6 6. Nf3 Bg4 {[%emt 0:00:27] B15: Caro-Kann: 3 Nc3: 3...g6 and 3...dxe4 4 Nxe4 Nf6 5 Nxf6+ exf6.} 7. Be2 (7. h3 $5 Bxf3 8. Qxf3 $14) 7... Nf5 8. O-O h5 {[%emt 0:06:21] The position is equal.} 9. Ne1 {[%emt 0:07:23] [#]} (9. Qd3 $11) 9... e6 $146 (9... Qb6 $1 $15) ({Predecessor:} 9... Qb6 10. Nf3 Bxf3 11. Bxf3 Qxd4+ 12. Qxd4 Nxd4 13. Bd1 Nf5 14. Ne2 e6 15. c3 Bf8 {0-1 (29) Strohmeier,J (1867)-Voelker,M (2000) Remote email 2013}) 10. Bxg4 ({Better is} 10. h3 $11 Bxe2 11. Nxe2) 10... hxg4 $15 11. g3 {[%emt 0:00:55] Inhibits Qh4.} Qe7 {[%emt 0:02:13] Black is more active.} (11... Qb6 $17) 12. Ne2 $11 c5 13. c3 Nc6 14. Nc2 Rc8 15. Ne3 cxd4 16. Nxf5 gxf5 17. Nxd4 Kf8 (17... Nxd4 $15 18. Qxd4 b6) 18. Be3 Kg8 19. Nxc6 bxc6 20. b4 f6 21. exf6 Bxf6 22. Bd4 Rh3 ({Black should play} 22... Bxd4+ $11 23. Qxd4 c5) 23. Bxf6 Qxf6 24. Qd4 Qh6 25. Rf2 Rc7 26. Qe5 Rh7 {[%emt 0:15:07][%cal Oh3g3] Hoping for ...Rxg3+!} 27. Qb8+ Qf8 28. Qxf8+ Kxf8 {[%emt 0:00:01][%mdl 4096] Endgame KRR-KRR} 29. Re1 Ke7 30. Rfe2 R3h6 31. Rb1 Kd6 32. Rbe1 Rc7 33. Rb1 Rhh7 34. Rbe1 Rhe7 35. Kg2 c5 36. b5 Rb7 (36... a6 $1 $17 37. bxa6 Ra7) 37. a4 c4 (37... a6 $5 38. bxa6 Rb6 $15) 38. Rb1 (38. h3 $11) 38... Kc5 ({Black should try} 38... e5 $17 {Threatens to win with ...exf4.} 39. fxe5+ Rxe5) 39. Rbb2 (39. Rbe1 $11) 39... Rb6 40. h4 gxh3+ $1 41. Kxh3 Rh7+ 42. Kg2 Rhb7 43. Rb4 (43. Kf3 $11 {keeps the balance.}) 43... Rd6 $17 {[%emt 0:02:18] aiming for ...d4.} 44. Rbb2 (44. Re5 $17) 44... a6 $19 45. bxa6 Rxb2 46. Rxb2 {[%emt 0:00:03] Rb5+ would kill now.} Rxa6 {[%emt 0:00:09] KR-KR} 47. Rb5+ Kc6 48. Rb4 {[%emt 0:00:23] [#]} Ra5 $2 (48... Rb6 $1 $19 {[%cal Rb6b4] ...Rxb4 is the strong threat.} 49. Kf3 Kc5) 49. Kf3 Kc5 {[%emt 0:03:17] White must now prevent ...d4.} 50. Ke3 {[%emt 0:01:04] Against d4+} d4+ 51. Kd2 d3 52. Ke3 Kd5 53. Kd2 Ra7 54. Rb5+ Kc6 55. Rb4 Kd5 56. Rb5+ Ke4 57. Rb4 Rc7 58. Rb6 $2 {[%emt 0:04:03][%mdl 8192] White does not recover from this.} (58. a5 $11) 58... Kf3 59. Rxe6 Ra7 60. Rf6 Rxa4 {[%emt 0:00:09] Strongly threatening ...Ra2+.} 61. Rxf5 Ra2+ {[%emt 0:00:08] Black mates.} 62. Kd1 {[%emt 0:01:09] [#]} Rc2 $1 63. Re5 Rxc3 64. f5 Ra3 65. Kc1 c3 66. Kb1 c2+ 67. Kb2 {[%emt 0:00:26] [#]} Ra2+ $3 {[%emt 0:00:18][%mdl 512] Weighted Error Value: White=0.47/Black=0.20 (precise)} 0-1

[Event "16th HSG Open-A 2022"]
[Site "Hilversum"]
[Date "2022.06.17"]
[Round "2.12"]
[White "Dekker, Jasper"]
[Black "Tabak, Stefan"]
[Result "0-1"]
[ECO "B22"]
[WhiteElo "1860"]
[BlackElo "2160"]
[Annotator "TA"]
[PlyCount "144"]
[EventDate "2022.06.17"]
[EventCountry "NED"]
[SourceTitle "playchess.com"]
[Source "ChessBase"]
[SourceQuality "1"]
[TimeControl "6600+10"]

1. e4 c5 2. c3 e5 3. Nf3 Nf6 4. Nxe5 Qe7 5. d4 Nc6 {[%emt 0:02:12] [#]} 6. Bd3 $146 {[%emt 0:04:30] B22: Sicilian: 2 c3.} ({Predecessor:} 6. Nf3 Qxe4+ 7. Be2 cxd4 8. cxd4 Bb4+ 9. Nc3 Nd5 10. Qd2 Bxc3 11. bxc3 O-O 12. O-O {0-1 (32) Shirshova,A (1822)-Safronov,V (1847) Uljanovsk 2009}) 6... cxd4 7. Nxc6 (7. cxd4 $16 {And now Bf4 would win.} Nxd4 8. Nf3) 7... dxc6 $11 8. cxd4 {[%emt 0:01:16] White has an edge.} Qb4+ 9. Bd2 Qxd4 10. Bc3 Bb4 11. O-O Bxc3 12. Nxc3 Bg4 13. Qc2 Rd8 14. e5 (14. Be2 $11 O-O 15. Rad1) 14... Qxd3 $15 15. Qxd3 Rxd3 16. exf6 gxf6 17. Ne4 Ke7 18. Rae1 Be6 $1 {[%emt 0:00:31] Black is more active.} 19. f4 f5 $1 20. Nc3 (20. Nc5 $17 Rd2 21. Rf2 Rxf2 22. Kxf2) 20... Rhd8 $19 21. Rf2 Kf6 22. a3 a5 23. g3 b5 24. Rc1 Rd2 25. Rc2 (25. Nb1 $142 R2d4 26. Rff1) 25... Rxf2 26. Kxf2 {[%emt 0:00:45][%mdl 4096] Endgame [#] KRB-KRN} Bb3 $1 27. Re2 b4 28. axb4 axb4 29. Nb1 c5 30. Ke3 $2 (30. Rd2 Rc8 31. Rd7) 30... c4 31. Rd2 Re8+ 32. Kf2 Ba2 33. Rd1 Rc8 34. Ke3 (34. Ke2 {keeps fighting.}) 34... Re8+ (34... c3 $142 {White must now prevent ...c2.} 35. bxc3 Re8+ 36. Kf3 b3) 35. Kf2 $1 Ra8 (35... c3 $19 36. bxc3 b3) 36. Ke3 (36. Nd2 $17) 36... Bb3 37. Rd6+ Ke7 38. Rb6 Ba2 39. Nd2 c3 40. bxc3 bxc3 41. Nb3 $2 (41. Nf3 Rc8 42. Nd4) 41... c2 $2 (41... Bxb3 $19 42. Rxb3 Rc8) 42. Kd2 $11 Rc8 43. Kc1 Rc4 44. Na5 Rc3 {[%emt 0:00:09] aiming for ...Bd5.} 45. Nc6+ Kf8 46. Nd4 Bb1 47. Nxf5 {[%emt 0:00:05] Intending Rb8+ and mate.} Ke8 48. Nd6+ Ke7 {[%emt 0:00:24] Hoping for ...Rd3.} 49. Nf5+ Kd7 50. Rd6+ Kc7 51. Rd2 $2 {[%emt 0:00:25] [#] Black keeps a firm grip on the game.} (51. Rd5 $11 {and White has nothing to worry.}) 51... Rf3 $1 $19 52. Rxc2+ Bxc2 53. Kxc2 {[%emt 0:00:00] KR-KN} Rf2+ 54. Kd3 Rxh2 55. Ke4 Kd7 56. Kf3 Ke6 57. Kg4 (57. g4 {is tougher.}) 57... Ra2 $2 (57... Rf2 {Threatens to win with ...Rf1.} 58. Ne3 Ra2) 58. Ng7+ (58. Ne3 {was forced.}) 58... Kf6 59. Nh5+ (59. Ne8+ Ke7 60. Ng7) 59... Kg6 60. f5+ Kh6 {Strongly threatening ...Rc2.} 61. Nf4 Ra4 62. f6 Rb4 63. Kf5 Rb5+ 64. Ke4 Kg5 65. Nd5 h6 66. Nc3 Ra5 67. Nd5 Ra3 68. Ne3 Kxf6 69. Kf4 Ra4+ 70. Kf3 Kg5 {[%emt 0:00:01] ( -> ...Ra3)} 71. Kg2 Ra3 $2 (71... Rd4 {...Rd3 is the strong threat.} 72. Nf1 h5) 72. Nc2 $2 (72. Nd1 $19 Rd3 73. Nf2) 72... Ra2 {[%emt 0:00:02] Weighted Error Value: White=0.61/Black=0.36} 0-1

[Event "16th HSG Open-A 2022"]
[Site "Hilversum"]
[Date "2022.06.18"]
[Round "3.1"]
[White "De Groote, Ewoud"]
[Black "Beerdsen, Thomas"]
[Result "0-1"]
[ECO "E10"]
[WhiteElo "2230"]
[BlackElo "2497"]
[Annotator "TA"]
[PlyCount "80"]
[EventDate "2022.06.17"]
[EventCountry "NED"]
[SourceTitle "playchess.com"]
[Source "ChessBase"]
[SourceQuality "1"]
[TimeControl "6600+10"]

1. d4 Nf6 2. c4 e6 3. Nf3 c5 4. d5 b5 5. dxe6 fxe6 6. cxb5 d5 7. e3 Bd6 8. Nbd2 {[%emt 0:01:54] 8.Be2 is setting a new trend. E10: Blumenfeld Gambit.} Bb7 9. b3 Nbd7 (9... O-O $11) 10. Bb2 $16 {[%emt 0:05:40] White is better.} O-O 11. Be2 {[%emt 0:06:06] has lost popularity (11.Bd3).} e5 {[%emt 0:00:27] [#]} 12. Nc4 $1 Bc7 $14 13. Ncxe5 {[%emt 0:08:28] next Nc6 is good for White.} Nxe5 14. Nxe5 Ba5+ 15. Kf1 Ne4 {[%emt 0:00:07] Hoping for ...Qh4.} 16. Nf3 {[%emt 0:04:50] Inhibits Qh4.} Qe7 {[%emt 0:07:51][%cal Od5d4] [#]} 17. Qd3 $146 {[%emt 0:09:51] Against d4} ({Predecessor:} 17. Qc2 Rf7 18. Rc1 Raf8 19. Be5 Nd2+ 20. Nxd2 Rxf2+ 21. Ke1 Qxe5 22. Qxc5 Rxg2 23. Kd1 {0-1 (32) Karp,E (1713)-Korba,N (2136) Indianapolis 2016}) 17... d4 18. exd4 {[%emt 0:07:30] [#]} Rxf3 $1 19. Bxf3 Nd2+ 20. Kg1 Bxf3 21. h4 {[%emt 0:03:52] Against Qg5} Be2 (21... c4 $15 22. bxc4 Be2) 22. Qg3 (22. Qf5 $11 {was the only way to keep the balance.} Rf8 23. Qd5+ Kh8 24. dxc5) 22... Bxb5 {[%emt 0:13:10] 0x0.000861431152dp-1022s more active pieces. The white rooks are badly placed.} (22... cxd4 $17 23. Bxd4 Qd7) 23. dxc5 $15 Rf8 ({Black should play} 23... Re8 $17 {Threatens to win with ...Bc7.} 24. Qf4 Ne4) 24. Bd4 $2 (24. Qe5 $11 Qf7 25. Rh3) 24... Bc7 $2 (24... Qd7 $19 25. Be5 Ne4) 25. Qg5 $11 Qxg5 {[%emt 0:00:30] Chess con chili.} 26. hxg5 Ne4 27. c6 {[%emt 0:00:27] Black must now prevent a4.} a5 (27... Bxc6 $2 28. Rc1 Rc8 29. Rxc6 $18) 28. Be3 (28. a4 $16 Ba6 29. g6 hxg6 30. Re1) 28... Be5 29. Re1 {[%emt 0:03:58][%cal Oe3c5] Strongly threatening Bc5!} ({Don't play} 29. Rc1 Nc3 30. a4 Bxc6 $15) 29... Bxc6 30. Rh4 Bb8 31. Bb6 Nxg5 (31... Bf4 $1 $11 {keeps the balance.}) 32. Bxa5 (32. Rc4 $16 Bb7 33. Rc5) 32... Ba7 {[%emt 0:00:46] A strong pair of Bishops.} 33. Re2 h6 (33... Ne4 $5 34. Be1 (34. Rhxe4 $2 Bxe4 35. Rxe4 Bxf2+ 36. Kf1 Bb6+ 37. Ke1 Bxa5+ $19) (34. Rexe4 $2 Bxf2+ 35. Kh1 Bxe4 $19) 34... Ng3 $11) 34. Be1 Rd8 (34... Rf6 $11) 35. a4 Rd1 36. Rc4 (36. Kf1 $1 $14 {is superior.}) 36... Bd5 $36 {[%emt 0:00:09][%mdl 2048] Black is more active.} 37. Rc8+ Kh7 38. b4 Ne6 {[%emt 0:01:21] aiming for ...Nf4.} 39. Kh2 $1 Nf4 40. Re5 (40. Re7 $11 {and White has nothing to worry.}) 40... Bd4 {[%emt 0:00:30] Weighted Error Value: White=0.40/Black=0.33} 0-1

[Event "16th HSG Open-A 2022"]
[Site "Hilversum"]
[Date "2022.06.18"]
[Round "3.2"]
[White "Lanchava, Tea"]
[Black "Gilmanov, Mansur"]
[Result "1-0"]
[ECO "A29"]
[WhiteElo "2232"]
[BlackElo "2390"]
[Annotator "TA"]
[PlyCount "104"]
[EventDate "2022.06.17"]
[EventCountry "NED"]
[SourceTitle "playchess.com"]
[Source "ChessBase"]
[SourceQuality "1"]
[TimeControl "6600+10"]

1. c4 e5 2. Nc3 Bb4 3. Qc2 Nf6 4. Nf3 Bxc3 5. Qxc3 d6 6. g3 Nc6 7. Bg2 Bg4 {[%emt 0:05:01] [#] A29: English Opening: Four Knights Variation with 4 g3.} 8. d3 $146 ({Predecessor:} 8. O-O Bxf3 9. Bxf3 Nd4 10. Bxb7 Nxe2+ 11. Kh1 Nxc3 12. Bxa8 Ne2 13. Bc6+ Nd7 14. Bxd7+ Qxd7 {0-1 (24) Gaebel,M-Ber,K freechess.de 2018}) 8... a5 9. h3 Be6 {[%emt 0:03:23] The position is equal.} 10. O-O (10. d4 $5 ) 10... h6 11. d4 exd4 12. Nxd4 Nxd4 13. Qxd4 O-O 14. g4 c5 15. Qc3 d5 16. cxd5 Nxd5 17. Qxc5 {[%emt 0:00:50] Rd1 is the strong threat.} Rc8 18. Qb5 b6 ({Better is} 18... Nb4 $14) 19. a3 (19. Rd1 $16 {Hoping for Be3.} Rc5 20. Qb3) 19... Rc5 20. Qd3 h5 21. e4 Nf4 22. Qxd8 Ne2+ 23. Kh2 Rxd8 24. Be3 Rb5 {[%emt 0:00:38] [#]} 25. g5 (25. gxh5 $142 $1 {Black must now prevent Rfb1.} a4 26. Rfd1 Rxd1 27. Rxd1 Rxb2 28. Rd8+ Kh7 29. e5) 25... Rxb2 26. Rfb1 $36 {[%emt 0:00:39][%mdl 2048] Keeping Black busy.} Rc2 27. Rxb6 Rd3 {[%emt 0:00:35] [#]} (27... Kh7 $16 28. Ra6 Rd3) 28. g6 $1 $18 Rb3 (28... Rd8 $142 29. Rab1 h4) 29. Rd1 Rc8 {[%emt 0:01:45] Prevents Rd8+.} 30. Rbd6 {[%emt 0:01:14] White threatens Rd8+ and mate.} Kf8 31. Rd8+ Rxd8 32. Rxd8+ Ke7 {[%emt 0:00:10] [#]} 33. gxf7 $1 Kxf7 34. Ra8 (34. Bf3 $18 Nc3 35. Ra8 (35. Bxh5+ g6 $16)) 34... Rxa3 $16 35. Bf3 Nf4 36. Bd1 (36. Kg3 $142 Nxh3 37. Bxh5+ Kf6 38. Ra6) 36... g5 {[%emt 0:00:00] This move loses the game for Black.} (36... Ra1 $16) 37. h4 $18 Rd3 (37... Ra1 $142) 38. Ba4 Ne2 $2 (38... Nh3 39. hxg5 Rxe3) 39. Bb5 Rxe3 40. fxe3 {[%emt 0:00:10][%mdl 4096] Endgame KRB-KBN} Nc3 41. Be8+ Kf6 42. hxg5+ Kxg5 43. Rxa5+ Kf6 44. Bc6 h4 45. Rc5 Nd1 46. Rh5 h3 47. e5+ Kg6 48. Be8+ Kg7 49. Rg5+ Kf8 50. Bh5 Nxe3 51. Be2 {[%emt 0:00:10] Inhibits Nf1+.} Kf7 52. Rg3 Ke7 $2 {[%emt 0:00:10] Weighted Error Value: White=0.12 (very precise) /Black=0.39} (52... Nc2 $18 53. Bh5+ Ke7 54. Rg7+ Kf8) 1-0

[Event "16th HSG Open-A 2022"]
[Site "Hilversum"]
[Date "2022.06.18"]
[Round "3.3"]
[White "Tabak, Stefan"]
[Black "Harff, Marcel"]
[Result "0-1"]
[ECO "C02"]
[WhiteElo "2160"]
[BlackElo "2336"]
[Annotator "TA"]
[PlyCount "110"]
[EventDate "2022.06.17"]
[EventCountry "NED"]
[SourceTitle "playchess.com"]
[Source "ChessBase"]
[SourceQuality "1"]
[TimeControl "6600+10"]

1. e4 e6 2. d4 d5 3. e5 c5 4. c3 Nc6 5. Nf3 Bd7 6. Bd3 Rc8 7. O-O {[%emt 0:00:33] C02: French: Advance Variation.} cxd4 8. Re1 dxc3 9. Nxc3 {[%emt 0:09:27] [#] Black has an edge.} h6 $146 ({Predecessor:} 9... a6 10. Ng5 g6 11. Qf3 Qe7 12. Qf4 Nb4 13. Bb1 Rc4 14. Qf3 Bh6 15. b3 Rc8 {0-1 (29) Philipsen,W (1991)-Nilssen,E (2071) Copenhagen 2020}) 10. a3 a6 11. Be3 (11. Bd2 $11) 11... Na5 $1 $15 12. Bf4 Ne7 13. h4 Nc4 14. Qe2 Qb6 15. b4 {[%emt 0:06:40] [#]} (15. Rac1 $15) 15... Qd8 (15... Nxa3 $1 $17 16. Bd2 (16. Rxa3 $2 Qxb4 17. Bc1 Rxc3 $17) 16... Nc4) 16. h5 b5 17. g4 ({White should play} 17. a4 $15) 17... Nb6 ({Black should try} 17... Nc6 $19 18. Qd1 Qb6 19. Bxc4 bxc4) 18. Rac1 g5 19. hxg6 Nxg6 20. Bg3 {[%emt 0:00:05] [#]} ({Better is} 20. Bxg6 $15 fxg6 21. Qd3) 20... Rg8 $1 $17 21. Kg2 Be7 (21... Nc4 $19 22. Ra1 Ne7) 22. Rh1 Bg5 23. Nxg5 Qxg5 (23... hxg5 $6 24. Bxg6 fxg6 25. Rh7 $11) 24. Bxg6 Rxg6 25. f4 Qxg4 26. Qxg4 Rxg4 27. Kf3 (27. Rxh6 $142 Rg8 28. Ne2) 27... Rg6 {[%emt 0:00:25] ...d4 is the strong threat.} 28. Ne2 Rxc1 29. Rxc1 Nc4 30. Bh4 Bc6 {[%emt 0:00:34] Threatens to win with ...d4+.} (30... Nxa3 31. Rc7 Nb1 32. Rb7 Nd2+ 33. Ke3 Nc4+ 34. Kf3 Nd2+ 35. Ke3 Nc4+ 36. Kf3 Nd2+ $11) 31. Nd4 Bb7 32. Bf6 Kd7 (32... Nxa3 $2 33. Rc7 $18) 33. f5 (33. Rd1 $142) 33... exf5 $19 34. Rd1 f4 35. Kxf4 (35. Rh1 {keeps fighting.}) 35... Rg2 ({Wrong is} 35... Nxa3 $2 36. Rh1) 36. Nb3 Kc7 37. Nc5 Rf2+ 38. Kg3 Rd2 39. Rh1 (39. e6 $17 fxe6 40. Rxd2 Nxd2 41. Be5+ Kc6 42. Nxe6) 39... Ne3 ({But not} 39... Nxa3 40. Rxh6 d4 41. Rh7 $16) (39... d4 $19 40. e6 Rg2+ 41. Kh3 fxe6) 40. Kf4 d4 41. Nxb7 Kxb7 42. Rxh6 $17 {[%emt 0:00:07][%mdl 4096] Endgame KRB-KRN} Nd5+ (42... Nc4 $17 {And now ...d3 would win.} 43. Ke4 d3) 43. Ke4 (43. Kf3 $11 {and White stays safe.}) 43... Nc3+ $19 44. Kf3 Rd3+ 45. Kf4 (45. Kg2 $142) 45... Rd1 46. Rh7 (46. Kf3 $142 d3 47. Bg5 (47. e6 $2 d2 $19)) 46... Rf1+ 47. Kg4 d3 {[%emt 0:00:02][%cal Bd4d3,Bd3d2][%mdl 32] ( -> ...d2)} 48. Bg5 Kc6 {[%emt 0:04:15] Strongly threatening ...Rg1+.} 49. Rh6+ Kc7 {[%emt 0:02:22] aiming for ...Rg1+.} 50. Rxa6 (50. Bd2 $142 Nb1 51. Rh2) 50... Rg1+ 51. Kf5 {[%emt 0:00:05] [#]} Rxg5+ $1 {[%emt 0:00:08][%mdl 512] Black mates.} 52. Kxg5 (52. Kf4 Nd5+) 52... d2 53. Ra7+ Kd8 54. Ra8+ Ke7 55. Ra7+ Ke6 {[%emt 0:00:05] Weighted Error Value: White=0.62/Black=0.22 (precise)} 0-1

[Event "16th HSG Open-A 2022"]
[Site "Hilversum"]
[Date "2022.06.18"]
[Round "3.4"]
[White "Elgersma, Onno"]
[Black "De Winter, Arthur"]
[Result "1-0"]
[ECO "E61"]
[WhiteElo "2303"]
[BlackElo "2090"]
[Annotator "TA"]
[PlyCount "109"]
[EventDate "2022.06.17"]
[EventCountry "NED"]
[SourceTitle "playchess.com"]
[Source "ChessBase"]
[SourceQuality "1"]
[TimeControl "6600+10"]

1. d4 Nf6 2. Nf3 g6 3. c4 Bg7 4. e3 O-O 5. Be2 d6 6. Nc3 Nbd7 7. O-O e5 8. Qc2 Re8 9. Rd1 e4 10. Nd2 $1 Qe7 {[%emt 0:00:05] E61: King's Indian: Early deviations for White, including Smyslov System.} 11. b4 Nf8 12. a4 h5 {[%emt 0:05:35] White is slightly better.} 13. a5 Bf5 14. a6 b6 15. b5 Ne6 {[%emt 0:08:27] [#]} 16. Nf1 $146 ({Predecessor:} 16. Ra2 Rac8 17. h3 Ng5 18. Bf1 Qe6 19. Kh2 d5 20. Ba3 Bg4 21. hxg4 Nxg4+ 22. Kh1 {0-1 (39) Vaassen,J (2189)-Husemann,A (2203) LSS email 2017}) 16... Ng4 (16... Ng5 $1 $11) 17. h3 Nxf2 18. Kxf2 Bxd4 19. Kg1 (19. Rxd4 $6 Nxd4 20. Qa2 (20. exd4 $2 e3+ 21. Nxe3 Bxc2 $19) 20... Nxe2 21. Nxe2 h4 $14) (19. exd4 $6 e3+ 20. Nxe3 Bxc2 21. Nxc2 Nc5 $16) 19... Be5 20. Bb2 {[%emt 0:08:33] Hoping for Nd5.} Ng5 (20... Qg5 $142) 21. Nd5 Nxh3+ 22. gxh3 Qg5+ {[%emt 0:00:07] [#]} 23. Kh1 (23. Bg4 $1 $18 {is the precise move to win.}) 23... Bxh3 $16 24. Bxh5 $1 Bxf1 {[%emt 0:09:58] White leaves nothing to chance now.} (24... Qxh5 $14 25. Nh2 (25. Bxe5 Qf3+ 26. Kh2 Rxe5 $11) 25... Rac8) 25. Bxe5 {[%emt 0:01:48] Dancing on a razor blade.} Rxe5 (25... Qxh5+ $16 {keeps fighting.} 26. Kg1 (26. Qh2 $2 Qf3+ 27. Kg1 Rxe5 $19) 26... Qg5+ 27. Kxf1 Rxe5) 26. Rxf1 $18 Kg7 $2 {[%emt 0:01:35] [#]} (26... Qxh5+ {was worth a try.} 27. Qh2 Qxh2+ 28. Kxh2 Kg7) 27. Nf4 $1 Rh8 {[%emt 0:00:16] [#] Threatens to win with ...Qxh5+.} 28. Rf2 $1 {[%emt 0:03:12][%cal Bf1f2,Bf2h2,Bh2h3][%mdl 32] aiming for Rh2!} Rxh5+ 29. Nxh5+ Qxh5+ 30. Rh2 Qf3+ 31. Qg2 Qxe3 32. Rf1 {[%emt 0:02:04] Black must now prevent Qg4.} f5 {[%emt 0:01:25] Against Qg4} (32... Qd3 33. Rc1 (33. Qf2 Rf5 $16) 33... Rf5) 33. Rh3 Qd4 34. Qh2 (34. Qg5 $142 Qxc4 35. Rc1 Qxc1+ 36. Qxc1) 34... e3 35. Rg1 $2 (35. Rh7+ Kf6 36. Qh6 Qe4+ 37. Kh2 Qc2+ 38. Kh3) 35... Qe4+ 36. Qg2 e2 $2 (36... Kf6 37. Rh6 (37. Rf3 e2 $11) 37... Rc5 38. Rxg6+ (38. Qxe4 fxe4 39. Rhxg6+ Ke5 $16) 38... Ke5) 37. Qxe4 Rxe4 38. Re1 f4 39. Rf3 Kf6 40. Rf2 Rxc4 41. Rexe2 {[%emt 0:01:30] And now Rc2 would win.} d5 (41... g5 $142 42. Re8 c6) 42. Rc2 {[%emt 0:00:26] White wants to mate with Rxc4.} Ke6 43. Rxc4 {[%emt 0:01:36] White mates.} dxc4 44. Rxf4 {[%emt 0:00:05] KR-KP} Kd5 45. Rf7 Kc5 46. Rxc7+ Kxb5 47. Rxa7 {[%emt 0:01:32] KR-K3P} c3 48. Ra8 c2 49. Rc8 Kxa6 50. Rxc2 {[%emt 0:00:05] KR-KPP} b5 51. Kg1 b4 52. Kf1 Kb5 53. Ke1 Ka4 54. Kd1 b3 55. Rg2 {[%emt 0:00:09] Weighted Error Value: White=0.24 (precise) /Black=0.49} 1-0

[Event "16th HSG Open-A 2022"]
[Site "Hilversum"]
[Date "2022.06.18"]
[Round "3.5"]
[White "Jonsson, Gauti Pall"]
[Black "Pham, Khoi"]
[Result "0-1"]
[ECO "D00"]
[WhiteElo "2065"]
[BlackElo "2291"]
[Annotator "NA RC"]
[PlyCount "82"]
[EventDate "2022.06.17"]
[EventCountry "NED"]
[SourceTitle "playchess.com"]
[Source "ChessBase"]
[SourceQuality "1"]
[TimeControl "6600+10"]

1. d4 Nf6 2. Bf4 d5 3. Nc3 e6 4. Nb5 Na6 5. e3 Be7 6. Bd3 O-O 7. g4 c6 8. Nc3 Nb4 9. g5 Nxd3+ 10. cxd3 Nd7 11. Nf3 c5 12. dxc5 Nxc5 13. b4 Nd7 14. a3 d4 15. Ne4 ({Avoid the trap} 15. Nxd4 $2 e5 16. Bxe5 Nxe5 $19) 15... dxe3 16. fxe3 a5 17. Qc1 {[%emt 0:06:47] [#]} (17. O-O $17 {might work better.}) 17... e5 $19 ({Don't do} 17... axb4 18. Bc7 Qe8 19. Nd6 Bxd6 20. Bxd6 $16) 18. Bg3 axb4 19. axb4 Bxb4+ 20. Kf2 Rxa1 21. Qxa1 f5 22. gxf6 Nxf6 23. Qa2+ Kh8 24. Kg2 Qxd3 25. Neg5 Nd5 26. Bxe5 Nxe3+ 27. Kg3 Qc4 28. Qxc4 Nxc4 29. Bd4 h6 30. Ne4 Bf5 31. Nc3 Bd6+ 32. Kg2 b5 33. Nh4 b4 34. Nxf5 Rxf5 35. Ne4 Rd5 36. Bf2 b3 37. Nc3 Rd3 38. Nb1 b2 39. Re1 Na3 40. Kf1 Bb4 41. Nxa3 Rxa3 0-1

[Event "16th HSG Open-A 2022"]
[Site "Hilversum"]
[Date "2022.06.18"]
[Round "3.6"]
[White "Van Foreest, Machteld"]
[Black "Boekelman, Jan"]
[Result "1-0"]
[ECO "B28"]
[WhiteElo "2287"]
[BlackElo "2116"]
[Annotator "TA"]
[PlyCount "35"]
[EventDate "2022.06.17"]
[EventCountry "NED"]
[SourceTitle "playchess.com"]
[Source "ChessBase"]
[SourceQuality "1"]
[TimeControl "6600+10"]

1. e4 c5 2. Nf3 a6 3. c4 Nc6 4. d4 cxd4 5. Nxd4 e5 6. Nf5 d5 7. cxd5 Bxf5 8. exf5 Nd4 9. Nc3 Nf6 10. Bg5 {[%emt 0:03:18] B28: Sicilian: 2 Nf3 a6 (O'Kelly Variation).} Be7 11. Bxf6 Bxf6 12. Bd3 {[%emt 0:01:31] White is slightly better.} Qd7 {[%emt 0:09:11] [#]} 13. O-O $146 ({Predecessor:} 13. Qb1 Rc8 14. Be4 b5 15. Nd1 Be7 16. Ne3 Bb4+ 17. Kd1 f6 18. Qd3 O-O 19. a3 {1-0 (35) Sojka,V-Svancer,B Czechoslovakia 1968}) 13... Nxf5 (13... O-O $14) 14. Na4 (14. Bxf5 $16 Qxf5 15. d6) 14... Rd8 $11 15. Nb6 Qd6 {[%emt 0:07:27] [#]} (15... Qc7 $1 $11) 16. Qa4+ $18 ({And not} 16. Bxf5 Qxb6 17. Qa4+ Kf8 $11) 16... Kf8 17. Nc4 {[%emt 0:02:36] White is more active.} ({Inferior is} 17. Bxf5 Qxb6 18. Rad1 g6 $11) 17... Qc7 (17... Qe7 {keeps fighting.}) 18. Bxf5 {[%emt 0:00:40] Weighted Error Value: White=0.24 (precise) /Black=0.53} 1-0

[Event "16th HSG Open-A 2022"]
[Site "Hilversum"]
[Date "2022.06.18"]
[Round "3.7"]
[White "In t Veld, Daan"]
[Black "Pijpers, Arthur"]
[Result "1/2-1/2"]
[ECO "B22"]
[WhiteElo "2133"]
[BlackElo "2463"]
[Annotator "TA"]
[PlyCount "46"]
[EventDate "2022.06.17"]
[EventCountry "NED"]
[SourceTitle "playchess.com"]
[Source "ChessBase"]
[SourceQuality "1"]
[TimeControl "6600+10"]

1. e4 c5 2. c3 Nf6 3. e5 Nd5 4. d4 cxd4 5. Nf3 Nc6 6. Bc4 Nb6 7. Bb3 d5 8. exd6 Qxd6 9. O-O Be6 10. Na3 {[%emt 0:00:26] [#] Nb5 is the strong threat. B22: Sicilian: 2 c3.} dxc3 {[%emt 0:02:33] 10...Bxb3 is the modern continuation.} 11. Nb5 Qxd1 12. Rxd1 Rc8 {[%emt 0:00:44] Inhibits Nc7+. Strongly threatening ...cxb2.} 13. Bxe6 {[%emt 0:03:53] [#]} c2 $146 {[%emt 0:04:18] [#]} ({Predecessor:} 13... fxe6 14. bxc3 g6 15. Ng5 e5 16. Be3 Bh6 17. Nxa7 Nxa7 18. Bxb6 Bxg5 19. Bxa7 Rxc3 20. Rdb1 Kf7 21. Rxb7 Rhc8 22. g3 {½-½ (34) Pap,M (2482)-Brkic,A (2565) Biograd 2018}) 14. Rd2 fxe6 15. Rxc2 a6 16. Nbd4 Nxd4 {[%emt 0:00:32] The position is equal.} 17. Rxc8+ Nxc8 18. Nxd4 e5 19. Ne6 Nd6 20. Bd2 Kf7 21. Nd8+ Ke8 22. Ne6 Kf7 23. Nd8+ Ke8 {[%emt 0:00:04] A balanced but interesting game.  Weighted Error Value: White=0.04 (flawless) /Black=0.04 (flawless)} 1/2-1/2